 Dungeon Crawl Stone Soup version 0.30-a0-469-g84de5afbc5 (webtiles) character file.

Game seed: 2411799254932146620

9002 drugrobin the Fighter (level 10, -12/96 HPs)
             Began as a Demigod Artificer on Dec 20, 2022.
             Mangled by a komodo dragon (20 damage)
             ... on level 1 of the Lair of Beasts.
             The game lasted 00:44:49 (14201 turns).

drugrobin the Fighter (Demigod Artificer)          Turns: 14201, Time: 00:44:50

Health: -12/96     AC:  9    Str: 25    XL:     10   Next: 97%
Magic:  25/25      EV: 17    Int: 13    God:
Gold:   1488       SH:  3    Dex: 14    Spells: 2/23 levels left

rFire   . . .      SeeInvis .    d - +4 falchion (freeze)
rCold   . . .      Faith    .    q - +0 buckler
rNeg    . . .      Spirit   .    j - +2 robe {Will+}
rPois   .          Reflect  .    l - +0 helmet
rElec   .          Harm     .    r - +2 cloak
rCorr   .          Rampage  .    M - +0 pair of gloves
Will    ++...                    (no boots)
Stlth   ++........               (no amulet)
HPRegen 0.36/turn                H - +4 ring of evasion
MPRegen 0.19/turn                Q - ring of wizardry

@: no status effects
A: high MP 1, forlorn, divine attributes
a: no special abilities


You were on level 1 of the Lair of Beasts.
You visited 3 branches of the dungeon, and saw 12 of its levels.

You collected 1488 gold pieces.

Inventory:

Hand Weapons
 a - a +3 dagger of venom
 b - the +6 sling "Qoerid" {elec, rF+ Str+3}
   (You found it on level 10 of the Dungeon)

   Any ammunition fired from it occasionally discharges a powerful burst of
   electricity upon striking a foe.
   Str:       It affects your strength (+3).
   rF:        It protects you from fire.
 c - a +2 flail of protection
 d - a +4 falchion of freezing (weapon)
Missiles
 g - 19 poisoned darts
 i - 2 throwing nets
 C - 2 javelins
 R - 6 boomerangs (quivered)
Armour
 f - +0 acid dragon scales
 j - a +2 robe of willpower (worn)
 l - a +0 helmet (worn)
 q - a +0 buckler (worn)
 r - a +2 cloak (worn)
 t - an orb of wrath
 F - the +1 leather armour "Rijinuu" {rN+ Str+5 Stlth-}
   (You took it off a goblin on level 4 of the Dungeon)

   Str:       It affects your strength (+5).
   rN:        It protects you from negative energy.
   Stlth:     It makes you less stealthy.
 M - a +0 pair of gloves (worn)
 U - a +2 scale mail of cold resistance
Magical Staves
 S - a staff of cold
Jewellery
 H - a +4 ring of evasion (left hand)
 Q - a ring of wizardry (right hand)
Wands
 n - a wand of polymorph (4)
 y - a wand of paralysis (17)
 P - a wand of roots (3)
 Y - a wand of mindburst (1)
 Z - a wand of charming (14)
Scrolls
 m - 8 scrolls of teleportation
 w - 2 scrolls of enchant weapon
 x - 2 scrolls of amnesia
 I - a scroll of immolation {unknown}
 K - a scroll of fog
 L - a scroll of summoning {unknown}
 N - 2 scrolls of enchant armour
 O - 3 scrolls of magic mapping
 V - a scroll of vulnerability {unknown}
 W - a scroll of silence {unknown}
Potions
 e - 2 potions of might
 o - a potion of magic
 s - a potion of flight
 u - 3 potions of mutation
 v - a potion of brilliance
 E - a potion of haste
 G - 2 potions of cancellation
 T - a potion of attraction
 X - a potion of invisibility


   Skills:
 - Level 11.4 Fighting
 - Level 1.7 Armour
 + Level 4.7 Dodging
 - Level 0.8 Stealth
 - Level 7.2 Spellcasting
 + Level 2.1 Conjurations
 - Level 4.0 Ice Magic
 - Level 4.0 Air Magic
 - Level 2.6 Evocations


You had 2 spell levels left.
You knew the following spells:

 Your Spells              Type           Power      Damage    Failure   Level
a - Frozen Ramparts       Ice            30%        1d5       4%          3
b - Blink                 Tloc           8%         N/A       12%         2
c - Vhi's Electric Charg  Tloc/Air       18%        N/A       11%         3
d - Summon Ice Beast      Ice/Summ       9%         N/A       32%         4
e - Momentum Strike       Conj/Tloc      14%        3d8       9%          2
f - Summon Lightning Spi  Summ/Air       9%         N/A       32%         4
q - Tukima's Dance        Hex            4%         N/A       24%         3

Your spell library contained the following spells:

 Spells                   Type           Power      Damage    Failure   Level
 Static Discharge         Conj/Air       24%        2-3/arc   3%          2
 Lesser Beckoning         Tloc           8%         N/A       24%         3
 Ice Form                 Ice/Tmut       9%         N/A       32%         4
 Arcjolt                  Conj/Air       6%         1d16      52%         5
 Lightning Bolt           Conj/Air       6%         1d18      52%         5
 Passage of Golubria      Tloc           4%         N/A       58%         4
 Yara's Violent Unravell  Hex/Tmut       2%         3d3       89%         5
 Storm Form               Tmut/Air       4%         N/A       100%        7
 Maxwell's Capacitive Co  Air            7%         ∞         100%        8


Dungeon Overview and Level Annotations

Branches:
Dungeon (10/15)            Temple (1/1) D:6            Lair (1/5) D:9
    Orc: D:9-12

Annotations:
D:3 3 runed translucent doors, sirJeffrey23's ghost, amateur DrFE


Innate Abilities, Weirdness & Mutations

You have an increased reservoir of magic. (+10% MP)
You shall have no god before yourself.
Your divine heritage dramatically boosts your attributes as you level up.


Message History

The wolf bites you but does no damage. The wolf bites you!
* * * LOW HITPOINT WARNING * * *
The wolf completely misses you. The wolf bites you.
* * * LOW HITPOINT WARNING * * *
Your ice beast closely misses the wolf.
Unknown command.
Unknown command.
Unknown command.
Unknown command.
Unknown command.
Unknown command.
The wolf attacks as you move away! The wolf barely misses you.
The wolf bites your lightning spire but does no damage.
The wolf closely misses you. x2; The wolf misses you.
The yak closely misses you.
Your ice beast misses the wolf.
You see here a wolf corpse.
Unknown command.
Unknown command.
Unknown command.
Unknown command.
Unknown command.
Unknown command.
Unknown command.
The wolf attacks as you move away! The wolf misses you.
The yak attacks as you move away! The yak gores you.
* * * LOW HITPOINT WARNING * * *
The wolf bites your lightning spire.
Your lightning spire is destroyed!
Your lightning spire disappears in a puff of smoke!
You block the wolf's attack.
Unknown command.
Unknown command.
Unknown command.
Unknown command.
Unknown command.
Unknown command.
As you read the scroll labelled AJIULO KUTHOR, it crumbles to dust.
The scroll dissolves into smoke.
It was a scroll of fog.
The wolf bites you but does no damage. The komodo dragon bites you!!
You die...

...........#.....Y....#
...........#..........#
.##........#...Y###PP
##.......#....## ##.
##......#.†.Y.# #.
##.........Y.#######
#..#......§h§...#
..#........hY§l...#
..#..#......h@h§..#
...........§§§§<.##
...........§.[§§.#
#..............###
#.............##
#.............#
.####.....### #######


You could see a komodo dragon (ally target), 3 yaks, 4 wolves and a friendly ice
beast (summoned).

Vanquished Creatures
  A two-headed ogre (D:10)
  Pikel (D:6)
  Joseph (D:9)
  A kobold demonologist (D:9)
  A cane toad (Lair:1)
  4 nameless horrors
  A troll (D:10)
  A hornet (D:7)
  2 slime creatures (D:5)
  A wyvern (D:6)
  An acid dragon (D:10)
  5 water moccasins
  Duvessa (D:7)
  3 ice beasts
  A sky beast (D:6)
  3 black bears
  2 orc warriors
  4 ogres
  4 centaurs
  2 lemures (D:6)
  2 phantoms (D:6)
  3 kobold brigands (D:5)
  2 bullfrogs
  4 necrophages
  6 scorpions
  A gnoll sergeant (D:9)
  5 wights
  Dowan (D:7)
  10 killer bees
  5 howler monkeys (D:10)
  4 hounds
  9 jellies
  Crazy Yiuf (D:2)
  3 orc priests
  7 iguanas
  3 orc wizards
  Robin (D:3)
  14 adders
  16 gnolls
  A worm (D:4)
  4 dart slugs
  26 orcs
  6 ball pythons
  8 endoplasms
  2 giant cockroaches
  14 goblins
  9 hobgoblins
  3 jackals (D:2)
  9 kobolds
  A quokka (D:1)
  4 bats
  5 frilled lizards (D:2)
  6 rats
235 creatures vanquished.

Vanquished Creatures (collateral kills)
  3 nameless horrors
  2 water moccasins
  A black bear (D:9)
  4 wolves (Lair:1)
  A centaur (D:8)
  2 bullfrogs (D:9)
  A wight (D:7)
14 creatures vanquished.

Vanquished Creatures (others)
  20 fungi
  8 plants
  8 toadstools (D:5)
36 creatures vanquished.

Grand Total: 285 creatures vanquished

Notes
Turn   | Place    | Note
-------+----------+-------------------------------------------
     0 | D:1      | drugrobin the Demigod Artificer began the quest for the
                  | Orb.
     0 | D:1      | Reached XP level 1. HP: 15/15 MP: 3/3
    32 | D:1      | Reached skill level 1 in Fighting
   318 | D:1      | Reached XP level 2. HP: 23/24 MP: 5/5
   626 | D:2      | Reached skill level 2 in Fighting
   982 | D:2      | Reached skill level 1 in Spellcasting
  1004 | D:2      | Reached XP level 3. HP: 30/30 MP: 7/7
  1038 | D:2      | Found a runed translucent door.
  1039 | D:2      | Noticed Crazy Yiuf
  1875 | D:3      | Noticed Robin
  1944 | D:2      | Reached skill level 3 in Fighting
  2120 | D:3      | Killed Robin
  2121 | D:3      | Reached XP level 4. HP: 35/38 MP: 7/9
  2423 | D:3      | Found a runed translucent gate.
  2424 | D:3      | Found a runed translucent gate.
  2425 | D:3      | Found a runed translucent gate.
  2428 | D:3      | Noticed sirJeffrey23's ghost (amateur DrFE)
  2429 | D:3      | Noticed a kobold brigand
  2604 | D:3      | HP: 1/39 [something/puff of flame (3)]
  2606 | D:3      | Reached XP level 5. HP: 2/46 MP: 11/11
  3114 | D:4      | Reached skill level 4 in Fighting
  3522 | D:4      | Noticed a water moccasin
  3525 | D:4      | Identified the +1 leather armour "Rijinuu" {rN+ Str+5
                  | Stlth-}
  3536 | D:4      | Killed a water moccasin
  3537 | D:4      | Reached XP level 6. HP: 37/55 MP: 11/13
  3798 | D:4      | Reached skill level 5 in Fighting
  4221 | D:2      | Killed Crazy Yiuf
  4469 | D:5      | Entered Level 5 of the Dungeon
  4568 | D:5      | Reached XP level 7. HP: 58/62 MP: 15/15
  4821 | D:5      | Reached skill level 6 in Fighting
  5104 | D:5      | Noticed a slime creature
  5104 | D:5      | Noticed a slime creature
  5143 | D:5      | Killed a slime creature
  5144 | D:5      | Reached skill level 7 in Fighting
  5144 | D:5      | Reached XP level 8. HP: 13/73 MP: 16/18
  5493 | D:5      | Identified a scroll of acquirement
  5494 | D:5      | Acquired 840 gold pieces
  5604 | D:5      | Reached skill level 8 in Fighting
  5604 | D:5      | Reached skill level 5 in Spellcasting
  6215 | D:5      | Killed a slime creature
  6432 | D:6      | Found a staircase to the Ecumenical Temple.
  6532 | Temple   | Entered the Ecumenical Temple
  6550 | D:6      | Reached skill level 9 in Fighting
  6932 | D:6      | Reached XP level 9. HP: 83/83 MP: 21/21
  7262 | D:6      | Reached skill level 10 in Fighting
  7555 | D:7      | Noticed Pikel
  7706 | D:6      | Killed Pikel
  8001 | D:7      | Reached skill level 11 in Fighting
  8628 | D:7      | Reached XP level 10. HP: 83/96 MP: 24/24
  8671 | D:7      | Noticed Dowan
  8701 | D:7      | Noticed Duvessa
  8720 | D:7      | Killed Duvessa
  8731 | D:7      | Killed Dowan
  8980 | D:7      | Learned a level 3 spell: Frozen Ramparts
  8984 | D:7      | Learned a level 3 spell: Tukima's Dance
  8989 | D:7      | Learned a level 4 spell: Ice Form
  8993 | D:7      | Learned a level 3 spell: Vhi's Electric Charge
  9003 | D:7      | Learned a level 4 spell: Summon Ice Beast
  9263 | D:7      | Reached skill level 1 in Dodging
  9488 | D:7      | Noticed a nameless horror
  9497 | D:7      | Reached skill level 1 in Ice Magic
  9499 | D:7      | Killed a nameless horror
  9776 | D:8      | Reached skill level 1 in Air Magic
 10601 | D:8      | Learned a level 2 spell: Blink
 10819 | D:9      | Learned a level 2 spell: Momentum Strike
 11476 | D:9      | Found a staircase to the Lair.
 11481 | D:9      | Noticed a nameless horror
 11482 | D:9      | Noticed a nameless horror
 11485 | Lair:1   | Entered Level 1 of the Lair of Beasts
 11487 | Lair:1   | HP: 3/96 [nameless horror[miscasting Summon Ice Beast]
                  | (15)]
 11502 | Lair:1   | Killed a nameless horror
 11713 | D:9      | Killed a nameless horror
 11911 | D:9      | Noticed Joseph
 11932 | D:9      | Killed Joseph
 12198 | D:10     | Entered Level 10 of the Dungeon
 12508 | D:10     | Noticed a two-headed ogre
 12528 | D:10     | Killed a two-headed ogre
 12529 | D:10     | Reached skill level 1 in Conjurations
 12687 | D:10     | Identified the +6 sling "Qoerid" {elec, rF+ Str+3}
 12987 | D:10     | Learned a level 4 spell: Summon Lightning Spire
 13216 | Lair:1   | Noticed a catoblepas
 13420 | Lair:1   | Noticed a nameless horror
 13468 | Lair:1   | Killed a nameless horror
 14201 | Lair:1   | Mangled by a komodo dragon

Illustrated notes

Levels and vault maps discovered:
D:1:      tarquinn_simple_flora_water_b, layout_rooms
D:2:      minmay_recursive_quarters, layout_basic, shapermc_ecumenical_altar_gd,
          uniq_crazy_yiuf_cottage
D:3:      layout_basic, gammafunk_ghost_nasty_kobolds,
          hangedman_abyss_or_decor_stabs, uniq_robin
D:4:      layout_loops_ring, nicolae_kite_square_tiling_tiny
D:5:      cheibrodos_fertilizer, layout_loops_ring, mainiacjoe_overflow_paths,
          hangedman_abyss_or_decor_passed
D:6:      minmay_inner_zag, layout_cave_pools,
          minmay_temple_entry_statues_pillars, st_stairs_11
D:7:      layout_basic, general_overflow_altar, grunt_ministairs_9,
          uniq_duvessa, uniq_pikel
D:8:      layout_gridville
D:9:      layout_roguey, mainiacjoe_overflow_large_starburst,
          grunt_lair_entry_orc_guard_hut, uniq_joseph
D:10:     layout_irregular_city, elyvilon_altar_3,
          nicolae_overflow_quartered_altars
Temple:   nicolae_temple_ecumenical_triangle
Lair:1:   layout_gridlike

Skill      XL: |  1  2  3  4  5  6  7  8  9 10 |
---------------+-------------------------------+-----
Fighting       | 1 2 3 4 5 7 9 11 | 11.4
Spellcasting   | 1 2 3 4 5 7 |  7.2
Dodging        | 4 |  4.7
Ice Magic      | 4 |  4.0
Air Magic      | 4 |  4.0
Conjurations   | 2 |  2.1
Armour         | |  1.7
Stealth        | |  0.8
Evocations     | |  2.6

Action                   |  1- 3 |  4- 6 |  7- 9 | 10-12 || total
-------------------------+-------+-------+-------+-------++-------
Melee: Dagger            |   133 |   186 |   426 |   187 ||   932
       Punch             |     1 |       |     2 |       ||     3
       Quarterstaff      |       |     8 |    35 |       ||    43
       Flail             |       |       |   105 |    99 ||   204
       Falchion          |       |       |       |    31 ||    31
       Staff             |       |       |       |    10 ||    10
       Unarmed           |       |       |       |     1 ||     1
 Fire: Sling             |    25 |       |     5 |    12 ||    42
Throw: Javelin           |       |     2 |     2 |       ||     4
       Dart              |       |     1 |     2 |     6 ||     9
       Throwing net      |       |     1 |       |     2 ||     3
       Boomerang         |       |       |       |     8 ||     8
 Cast: Summon Ice Beast  |       |       |       |     8 ||     8
       Vhi's Electric Ch |       |       |       |     8 ||     8
       Frozen Ramparts   |       |       |       |     4 ||     4
       Summon Lightning  |       |       |       |     2 ||     2
       Tukima's Dance    |       |       |       |     1 ||     1
Evoke: Wand              |     2 |    12 |    10 |     1 ||    25
  Use: Potion            |     1 |       |     1 |    11 ||    13
       Scroll            |       |       |     9 |    15 ||    24
 Stab: Held in net/web   |       |     1 |       |     2 ||     3
       Petrified         |       |       |     4 |       ||     4
       Paralysed         |       |       |    16 |       ||    16
       Sleeping          |       |       |       |     1 ||     1
Armor: Ring mail         |     4 |       |       |       ||     4
       Scale mail        |    61 |    17 |       |       ||    78
       Chain mail        |       |    69 |   286 |     4 ||   359
       Robe              |       |       |       |   142 ||   142
       Skin              |       |       |       |     2 ||     2
Dodge: Dodged            |    51 |    80 |   290 |   418 ||   839
Block: Buckler           |    18 |    28 |    70 |    68 ||   184

Table legend: (Time is in decaauts)
 A = Elapsed time spent in this place.
 B = Non-inter-level travel time spent in this place.
 C = Inter-level travel time spent in this place.
 D = Time resting spent in this place.
 E = Time spent auto-exploring this place.
 F = Levels seen in this place.
 G = Mean time per level.
                   A        B        C        D        E       F      G
               +--------+--------+--------+--------+--------+-----+--------+
         Total |  14324 |  13816 |    508 |   3323 |   6774 |  12 | 1193.7 |
       Dungeon |  13535 |  13029 |    506 |   2706 |   6749 |  10 | 1353.5 |
        Temple |      1 |      1 |      0 |      0 |      0 |   1 |    1.0 |
          Lair |    787 |    786 |      1 |    616 |     25 |   1 |  787.0 |
               +--------+--------+--------+--------+--------+-----+--------+

Top non-repeatable levels by time:
     D:5: 2068 daAuts
     D:7: 1706 daAuts
     D:2: 1626 daAuts
     D:8: 1591 daAuts
     D:9: 1378 daAuts
     D:6: 1313 daAuts
     D:4: 1150 daAuts
     D:3: 1085 daAuts
    D:10: 990 daAuts
  Lair:1: 787 daAuts
     D:1: 623 daAuts
  Temple: 1 daAuts
